cohdb
Replays
Latest Replays
All Replays
Popular Replays
Top Player Replays
Match Explorer
How It Works
Community
CoH3 Stats
Reddit
Sign in to upload your games and track your stats! →
Sign in with Steam
Match 29193586
Unlisted
Match 29193586
Overview
Messages
Build Orders
End
Kettenkrad Recon Vehicle
Construct Infanterie Kompanie
Selects Italian Coastal Battlegroup
Selects Coastal Reserves
Sniper
Coastal Reserve
Coastal Reserve
Construct Luftwaffe Kompanie
Selects Artillery Officer
Selects Support Bunkers
Jäger Squad
Artillery Officer
Support Elements
Wirbelwind Flakpanzer
Wirbelwind Flakpanzer
Medical Bunker
Kettenkrad Recon Vehicle
Selects Obice da 210/22 Artillery Emplacement
ElaGiwrgi
jde513
eorkf9
sasokgo
HulkSMASH
SirFecker
reset
Skeletor
0
0
Comments
sign in to comment!
No comments posted yet!